 Dungeon Crawl Stone Soup version 0.29.1-15-g9cfb28693d (webtiles) character file.

Game seed: 5168999119766847599

7138 Delarado the Transmogrifier (level 11, 0/68 (75) HPs)
             Began as an Octopode Transmuter on Apr 26, 2023.
             Was a High Priest of Okawaru.
             Killed from afar by Josephine (7 damage)
             ... with a ghostly fireball
             ... on level 9 of the Dungeon.
             The game lasted 00:48:00 (15451 turns).

Delarado the Transmogrifier (Octopode Transmuter)  Turns: 15451, Time: 00:48:01

HP:   0/68 (75)     AC: 10    Str: 20    XL:     11   Next: 10%
MP:   14/16         EV: 12    Int: 22    God:    Okawaru [*****.]
Gold: 783           SH:  0    Dex: 12    Spells: 6/16 levels left

rFire   . . .      SeeInvis .     - Unarmed
rCold   + + +      Faith    .   (shield currently unavailable)
rNeg    . . .      Spirit   .   (helmet currently unavailable)
rPois   +          Reflect  .   (no amulet)
rElec   .          Harm     .   b - ring of Helog {rF+ Will+ Int+6}
rCorr   .          Rampage  .   n - +4 ring of slaying
Will    ++...                   p - ring of willpower
Stlth   ++........              x - +6 ring of strength
HPRegen 0.21/turn               (no ring)
MPRegen 0.15/turn               (no ring)
                                (no ring)
                                (no ring)

@: ice-form, drained
A: freezing attack, boosted hp, almost no armour, amphibious, 8 rings, large,
(camouflage 1), (gelatinous body 1), (nimble swimmer 1), (tentacles)
a: End Transformation, Renounce Religion, Heroism, Finesse, Duel


You were on level 9 of the Dungeon.
You worshipped Okawaru.
Okawaru was extremely pleased with you.
You were a creature of crystalline ice.
You visited 2 branches of the dungeon, and saw 11 of its levels.

You collected 783 gold pieces.

Inventory:

Hand Weapons
 q - a +2 war axe of flaming
Missiles
 c - 86 stones
 l - 4 javelins (quivered)
 z - 3 curare-tipped darts
Armour
 r - a +0 kite shield
Jewellery
 b - the ring of Helog (left front paw) {rF+ Will+ Int+6}
   (You found it on level 3 of the Dungeon)

   [ring of intelligence]

   Int:       It affects your intelligence (+6).
   rF:        It protects you from fire.
   Will:      It increases your willpower.
 k - an amulet of faith
 n - a +4 ring of slaying (right front paw)
 p - a ring of willpower (on tentacle)
 v - the amulet of Waoclil {Reflect Harm *Slow rPois SH+5}
   (You found it on level 7 of the Dungeon)

   [amulet of reflection]

   It reflects blocked missile attacks.
   rPois:     It protects you from poison.
   *Slow:     It may slow you when you take damage.
   SH:        It affects your SH (+5).
   Harm:      It increases damage dealt and taken.
 x - a +6 ring of strength (on tentacle)
 F - a ring of flight
Wands
 C - a wand of mindburst (6)
 D - a wand of iceblast (5)
Scrolls
 e - 2 scrolls of vulnerability
 i - 5 scrolls of teleportation
 j - 2 scrolls of magic mapping
 m - 4 scrolls of enchant weapon
 t - a scroll of summoning
 y - a scroll of butterflies
 B - 2 scrolls of poison
Potions
 a - 3 potions of lignification
 d - 4 potions of brilliance
 f - 3 potions of might
 g - 6 potions of mutation
 h - a potion of flight
 o - 6 potions of heal wounds
 s - 2 potions of curing
 u - 2 potions of attraction
 w - a potion of berserk rage
 E - a potion of cancellation


   Skills:
 - Level 1.0 Fighting
 - Level 0.1 Throwing
 + Level 6.4 Dodging
 - Level 1.5 Stealth
 - Level 3.0 Unarmed Combat
 - Level 3.4 Spellcasting
 + Level 13.1 Transmutations
 - Level 5.0 Ice Magic
 - Level 3.0 Poison Magic
 + Level 5.3 Invocations


You had 6 spell levels left.
You knew the following spells:

 Your Spells              Type           Power      Damage    Failure   Level
a - Beastly Appendage     Tmut           100%       N/A       1%          1
b - Wereblood             Tmut           57%        N/A       1%          2
c - Spider Form           Tmut/Pois      39%        N/A       1%          3
d - Ice Form              Ice/Tmut       43%        N/A       2%          4

Your spell library contained the following spells:

 Spells                   Type           Power      Damage    Failure   Level
 Ensorcelled Hibernation  Hex/Ice        28%        N/A       6%          2
 Necrotise                Necr           12%        1d4       12%         1
 Airstrike                Air            1%         2d(1-17)  75%         4
 Anguish                  Hex/Necr       1%         N/A       75%         4
 Lightning Bolt           Conj/Air       1%         1d12      97%         5
 Summon Lightning Spire   Summ/Air       Unusable   N/A       N/A         4

Dungeon Overview and Level Annotations

Branches:
Dungeon (10/15)            Temple (1/1) D:6             Orc (0/2) D:9
   Lair: D:8-11

Altars:
Ashenzari
Dithmenos
Elyvilon
Fedhas
Gozag
Hepliaklqana
Kikubaaqudgha
Makhleb
Nemelex Xobeh
Okawaru
Qazlal
Ru
Sif Muna
Trog
Uskayaw
Vehumet
Wu Jian
Xom
Yredelemnul
Zin
The Shining One
Lugonu

Annotations:
D:5 3 runed translucent doors, Heoruswealwe's ghost, amateur DEEE
D:7 4 exclusions
D:9 Josephine
D:10 1 transporter


Innate Abilities, Weirdness & Mutations

You are a creature of crystalline ice.
You have a powerful freezing melee attack.
Your maximum health is increased.
Your armour is entirely melded.
You are incapable of wielding weapons or throwing items.
You cannot wear most types of armour.
You are amphibious.
You can wear up to eight rings at the same time.
((Your skin changes colour to match your surroundings (Stealth+).))
((Your rubbery body absorbs attacks. (AC +1, EV +1)))
((You are camouflaged when in or above water. (Stealth+)))
((You have tentacles for arms and can constrict up to eight enemies at once.))


Message History

There is a stone staircase leading up here.
Casting: Ice Form (dangerous; 2% risk of failure)
Confirm with . or Enter, or press ? or * to list all spells.
You turn into a creature of crystalline ice.
Josephine grins malevolently.
Josephine hits you but does no damage.
You climb upwards.
There is a stone staircase leading down here.
You pummel Josephine!! You freeze Josephine.
Josephine is moderately wounded.
Josephine casts a spell at you.
The ghostly flame explodes!
The ghostly fireball engulfs you!!
You feel drained.
The ghostly fireball engulfs Josephine.
Josephine completely resists.
You barely miss Josephine.
Josephine is moderately wounded.
Josephine hits you but does no damage.
You hit Josephine. You freeze Josephine.
Josephine is heavily wounded.
You punch Josephine! You freeze Josephine.
Josephine is severely wounded.
Josephine draws life force from you!!
* * * LOW HITPOINT WARNING * * *
Josephine is healed by the life force!
You hit Josephine but do no damage.
Josephine is heavily wounded.
Josephine hits you with a +0 dagger.
* * * LOW HITPOINT WARNING * * *
You punch Josephine! You freeze Josephine.
Josephine is severely wounded.
Josephine hits you with a +0 dagger!
* * * LOW HITPOINT WARNING * * *
You barely miss Josephine.
Josephine is severely wounded.
Josephine barely misses you.
You hit Josephine. You freeze Josephine.
Josephine is severely wounded.
Josephine gestures at you while chanting.
The ghostly flame explodes!
The ghostly fireball engulfs you!
You feel drained.
You die...

##..###..###'#### ####### ##.###
##.## ##.##8.8# #.....####.##.
...# ###.#.#### #.....#.......
##.## ##.#.....# #..........##.
....####........####.....#.##.###
##...##.#.......#.##.......##.###
#.###.#.........#.###..#........
#.##)#...........#.##........##.
#))))..####..##Y.#..#........##.
######## ##....@.....##........
#######..####........
#.................
#.##.#.####....... #.##.#.#
#....... #.##.#.# #.......
#.##.#.# #....... #.##.#.#
########


You could see Josephine.

Vanquished Creatures
  Erica (D:9)
  Pikel (D:8)
  A komodo dragon (D:10)
  A troll (D:7)
  A shadow (D:9)
  Grum (D:8)
  2 steam dragons
  Duvessa (D:7)
  7 orc warriors
  2 water moccasins
  A sky beast (D:7)
  3 ice beasts
  A black bear (D:4)
  2 wolves (D:8)
  6 ogres
  4 centaurs
  6 kobold brigands
  2 lemures (D:8)
  Blork the orc (D:5)
  A necrophage (D:7)
  2 scorpions
  6 bullfrogs
  Dowan (D:7)
  3 killer bees
  6 hounds
  3 jellies (D:6)
  11 orc priests
  3 gnoll boudas (D:8)
  2 iguanas
  13 orc wizards
  Robin (D:2)
  12 gnolls
  10 adders
  3 white imps
  An ufetubus (D:4)
  An adder skeleton (D:2)
  2 worms
  3 dart slugs
  64 orcs
  5 bats
  2 bat skeletons (D:2)
  A bat zombie (D:2)
  13 endoplasms
  A giant cockroach (D:4)
  10 goblins
  11 hobgoblins
  4 jackals (D:1)
  2 quokkas
  10 ball pythons
  2 ball python skeletons (D:2)
  A ball python zombie (D:2)
  12 frilled lizards
  10 kobolds
  A quokka skeleton (D:2)
  7 rats
284 creatures vanquished.

Vanquished Creatures (others)
  An orc (D:8)
  A demonic plant (D:3)
  8 fungi
  15 plants (D:8)
  9 withered plants (D:2)
34 creatures vanquished.

Grand Total: 318 creatures vanquished

Notes
Turn   | Place    | Note
-------+----------+-------------------------------------------
     0 | D:1      | Delarado the Octopode Transmuter began the quest for the
                  | Orb.
     0 | D:1      | Reached XP level 1. HP: 13/13 MP: 3/3
   368 | D:1      | Reached XP level 2. HP: 13/18 MP: 3/5
   942 | D:1      | Reached skill level 1 in Stealth
   966 | D:1      | Reached XP level 3. HP: 23/23 MP: 7/7
  1899 | D:2      | Reached skill level 3 in Transmutations
  1899 | D:2      | Reached XP level 4. HP: 21/28 MP: 6/8
  2062 | D:2      | Noticed Robin
  2695 | D:2      | Learned a level 2 spell: Wereblood
  2699 | D:2      | Learned a level 3 spell: Spider Form
  2916 | D:2      | Killed Robin
  2917 | D:2      | Reached skill level 1 in Poison Magic
  2917 | D:2      | Reached XP level 5. HP: 21/33 MP: 7/10
  3396 | D:3      | Identified the ring of Helog {rF+ Will+ Int+6}
  3568 | D:3      | Found a faded altar of an unknown god.
  3868 | D:3      | Found an opulent altar of Gozag.
  3910 | D:3      | Found an iron altar of Okawaru.
  3918 | D:3      | Became a worshipper of Warmaster Okawaru
  4038 | D:3      | Reached skill level 4 in Transmutations
  4117 | D:3      | Found a shimmering blue altar of Sif Muna.
  4124 | D:3      | Got Sif Muna's Almanac of Mortification
  4129 | D:3      | Found a bloodstained altar of Trog.
  4542 | D:4      | Reached XP level 6. HP: 37/38 MP: 9/11
  4822 | D:4      | Reached skill level 5 in Transmutations
  5352 | D:4      | Reached XP level 7. HP: 43/43 MP: 10/12
  5412 | D:4      | Reached * piety under Okawaru
  5413 | D:4      | Reached skill level 6 in Transmutations
  5876 | D:4      | Learned a level 4 spell: Ice Form
  5880 | D:5      | Entered Level 5 of the Dungeon
  5894 | D:5      | Reached skill level 1 in Ice Magic
  5894 | D:5      | Reached skill level 1 in Invocations
  5898 | D:5      | Noticed Blork the orc
  5910 | D:5      | Killed Blork the orc
  6178 | D:5      | Found a hide-covered altar of Uskayaw.
  6436 | D:5      | Found a runed translucent gate.
  6437 | D:5      | Found a runed translucent gate.
  6438 | D:5      | Found a runed translucent gate.
  6442 | D:5      | Noticed Heoruswealwe's ghost (amateur DEEE)
  6778 | D:5      | Reached XP level 8. HP: 48/48 MP: 13/13
  7149 | D:5      | Reached skill level 7 in Transmutations
  7628 | D:6      | Reached ** piety under Okawaru
  8097 | D:6      | Found a staircase to the Ecumenical Temple.
  8106 | D:6      | Reached skill level 8 in Transmutations
  8118 | Temple   | Entered the Ecumenical Temple
  8839 | D:6      | Identified a scroll of acquirement
  8840 | D:6      | Acquired a +6 ring of strength
  9109 | D:7      | Noticed a troll
  9211 | D:7      | Killed a troll
  9212 | D:7      | Reached skill level 9 in Transmutations
  9212 | D:7      | Reached XP level 9. HP: 36/53 MP: 8/14
  9661 | D:7      | Reached skill level 10 in Transmutations
  9780 | D:7      | Noticed Duvessa
  9797 | D:7      | Killed Duvessa
  9805 | D:7      | Noticed Dowan
  9810 | D:7      | Killed Dowan
  9810 | D:7      | Reached *** piety under Okawaru
 10338 | D:7      | Identified the amulet of Waoclil {Reflect Harm *Slow rPois
                  | SH+5}
 10413 | D:7      | Reached skill level 11 in Transmutations
 10841 | D:7      | Found a burning altar of Makhleb.
 10842 | D:7      | Found a stormy altar of Qazlal.
 11243 | D:8      | Reached XP level 10. HP: 58/58 MP: 7/15
 11328 | D:8      | Reached **** piety under Okawaru
 11329 | D:8      | Reached skill level 12 in Transmutations
 11566 | D:8      | Noticed Grum
 11989 | D:8      | Reached skill level 5 in Ice Magic
 12008 | D:8      | Noticed Pikel
 12089 | D:8      | Killed Pikel
 13462 | D:8      | Killed Grum
 13544 | D:8      | Reached ***** piety under Okawaru
 13558 | D:8      | Reached skill level 5 in Dodging
 14290 | D:9      | Found an ancient bone altar of Kikubaaqudgha.
 14290 | D:9      | Found a glowing golden altar of the Shining One.
 14293 | D:9      | Noticed Erica
 14306 | D:9      | Killed Erica
 14307 | D:9      | Reached skill level 5 in Invocations
 14307 | D:9      | Reached XP level 11. HP: 52/63 MP: 10/16
 14530 | D:9      | Found a white marble altar of Elyvilon.
 14548 | D:9      | Found a shadowy altar of Dithmenos.
 14556 | D:9      | Reached skill level 13 in Transmutations
 14717 | D:9      | Found a sacrificial altar of Ru.
 14782 | D:9      | Found a radiant altar of Vehumet.
 14785 | D:9      | Found a shimmering altar of Xom.
 15024 | D:9      | Found a staircase to the Orcish Mines.
 15052 | D:10     | Entered Level 10 of the Dungeon
 15052 | D:10     | Noticed Josephine
 15355 | D:10     | Found a transporter.
 15451 | D:9      | Killed from afar by Josephine

Illustrated notes

Levels and vault maps discovered:
D:1:      evilmike_arrival_plus, layout_loops_corners, dk_noncrumbling_3
D:2:      layout_rooms, serial_undead, serial_undead_b, serial_undead_e,
          serial_undead_e, serial_undead_c, serial_undead_a, serial_undead_b,
          serial_undead_a, serial_undead_e, uniq_robin
D:3:      layout_rooms, nzn_overflow_gifts_of_might_and_magic,
          okawaru_gym_becter, mainiacjoe_overflow_brackets,
          shapermc_ecumenical_altar_gd, kennysheep_generic_room_6
D:4:      layout_gridville, chequers_garden, moated_statue, kennysheep_potato
D:5:      layout_gridville, nicolae_uskayaw_murder_on_the_dancefloor,
          gammafunk_ghost_split, uniq_blork_the_orc
D:6:      layout_rooms, nicolae_overflow_hidden_temple,
          minmay_temple_entry_wispy, hangedman_abyss_or_decor_lesser_grid,
          corexii_leaking_fountain
D:7:      layout_gridville, gammafunk_temple_overflow_pools, corner_web_ring,
          kennysheep_donut, uniq_duvessa
D:8:      kennysheep_seaside_town, layout_loops_ring,
          chequers_serial_rivers_large_a, uniq_grum, uniq_pikel
D:9:      layout_loops_cross, grunt_dithmenos_shadows,
          lemuel_coloured_pillars_altar, grunt_temple_overflow_cloverleaf,
          amcnicky_altar_gilded, hiddenorc1_lemuel, uniq_erica
D:10:     layout_rooms, nzn_ghost_randoct, hangedman_feature_mirror,
          uniq_josephine, uniq_harold
Temple:   corrupted_temple

Skill      XL: |  1  2  3  4  5  6  7  8  9 10 11 |
---------------+----------------------------------+-----
Stealth        | 1 |  1.5
Transmutations | 3 4 5 6 9 11 12 13 | 13.1
Spellcasting   | 3 |  3.4
Poison Magic   | 1 2 3 |  3.0
Ice Magic      | 2 4 5 |  5.0
Invocations    | 2 3 5 |  5.3
Dodging        | 6 |  6.4
Fighting       | |  1.0
Throwing       | |  0.1
Unarmed Combat | |  3.0

Action                   |  1- 3 |  4- 6 |  7- 9 | 10-12 || total
-------------------------+-------+-------+-------+-------++-------
Melee: Unarmed           |    70 |   126 |   238 |   221 ||   655
       Constrict         |    22 |    18 |     1 |       ||    41
       Kick              |    17 |    29 |     1 |       ||    47
       Tentacles         |     9 |    14 |     1 |       ||    24
       Punch             |     1 |     2 |       |       ||     3
Throw: Javelin           |     7 |     7 |    23 |     7 ||    44
       Boomerang         |       |    53 |       |       ||    53
       Stone             |       |     5 |     3 |       ||     8
 Cast: Beastly Appendage |    25 |    32 |     1 |     1 ||    59
       Spider Form       |       |     4 |    29 |       ||    33
       Ice Form          |       |       |    27 |    27 ||    54
Invok: Heroism           |       |       |     1 |     2 ||     3
 Abil: End Transformatio |       |     1 |     2 |       ||     3
  Use: Scroll            |       |     7 |     8 |     5 ||    20
       Potion            |       |     1 |       |       ||     1
 Stab: Sleeping          |     6 |     4 |     1 |       ||    11
       Distracted        |       |       |       |     2 ||     2
Armor: Skin              |     9 |    13 |    32 |    49 ||   103
Dodge: Dodged            |    54 |    75 |   152 |   100 ||   381
